 Dungeon Crawl Stone Soup version 0.31-a0-851-g7ff8af7976 (webtiles) character file.

Game seed: 12120487783731620497

25687 avis the Spry (level 12, -8/58 HPs)
             Began as a Felid Shapeshifter on Oct 6, 2023.
             Was an Initiate of Gozag.
             Mangled by a bone dragon (12 damage)
             ... on level 1 of the Abyss on Oct 7, 2023.
             The game lasted 02:01:59 (20294 turns).

avis the Spry (Felid Shapeshifter)                 Turns: 20294, Time: 02:02:00

Health: -8/58      AC: 24    Str: 12    XL:     12   Next: 91%
Magic:  20/20      EV: 31    Int: 12    God:    Gozag
Gold:   922        SH:  0    Dex: 18    Spells: 11/21 levels left
                                        Lives:  0   Deaths: 4

rFire   + .          .
                       - Unarmed
rCold   + . .        (shield unavailable)
rNeg    + . .        (body armour unavailable)
rPois   ∞            (helmet unavailable)
rElec   +            (cloak unavailable)
rCorr   .            (gloves unavailable)
SInv    +            (boots unavailable)
Will    +....        (no amulet)
Stlth   +++          H - ring of protection from cold
HPRegen 0.29/turn    g - ring of protection from fire
MPRegen 0.17/turn

%: no passive effects
@: statue-form, on berserk cooldown, slowed, studying 2 skills, very slow
A: slow and powerful, torment resistance 1, very small, claws 1, fangs 3, see
invisible, (speed 1), (shaggy fur 3), stealthy paws, no weapons or thrown items,
no armour, multi-lived
a: Begin Untransformation, Renounce Religion, Potion Petition, Call Merchant,
Bribe Branch


You were on level 1 of the Abyss.
You worshipped Gozag.
Gozag was pleased with you.
You were a living statue of rough stone.
You visited 4 branches of the dungeon, and saw 17 of its levels.
You visited the Abyss 1 time.
You also visited: Sewer and Ice Cave.

You collected 3123 gold pieces.
You spent 319 gold pieces at shops.
You paid 1882 gold pieces to Gozag.

Inventory:

Jewellery
 c - a ring of resist corrosion
 g - a ring of protection from fire (right paw)
 H - a ring of protection from cold (left paw)
 L - a ring of willpower
 M - a ring of wizardry
Talismans
 l - a blade talisman
 G - a granite talisman (active)
Wands
 j - a wand of iceblast (15)
Scrolls
 b - a scroll of silence {unknown}
 d - 2 scrolls of blinking
 e - 2 scrolls of amnesia {unknown}
 h - 4 scrolls of teleportation
 k - 2 scrolls of noise {unknown}
 n - 2 scrolls of enchant armour {unknown}
 o - 2 scrolls of fear
 p - 3 scrolls of poison
 r - 5 scrolls of fog {unknown}
 u - 3 scrolls of enchant weapon {unknown}
 y - a scroll of revelation
 C - 2 scrolls of immolation {unknown}
 K - 2 scrolls of vulnerability {unknown}
Potions
 a - 2 potions of lignification
 f - a potion of invisibility
 i - a potion of resistance
 m - 7 potions of might
 q - 2 potions of cancellation
 s - a potion of haste {unknown}
 t - 3 potions of mutation
 v - 2 potions of brilliance
 z - 3 potions of ambrosia
 A - 4 potions of curing
 B - a potion of attraction
 F - a potion of enlightenment
 J - 2 potions of magic


   Skills:
 - Level 8.0 Fighting
 - Level 18.0 Dodging
 - Level 4.0 Stealth
 - Level 5.0 Unarmed Combat
 - Level 5.0 Spellcasting
 * Level 14.1 Shapeshifting


You had 11 spell levels left.
You knew the following spells:

 Your Spells              Type           Power      Damage    Failure   Level
a - Magic Dart            Conj           12%        1d3       21%         1
b - Blink                 Tloc           6%         N/A       30%         2
e - Wereblood             Tmut           3%         N/A       30%         2
v - Vhi's Electric Charg  Tloc/Air       6%         N/A       89%         4
A - Apportation           Tloc           6%         N/A       21%         1

Your spell library contained the following spells:

 Spells                   Type           Power      Damage    Failure   Level
 Freeze                   Ice            12%        1d3       21%         1
 Necrotise                Necr           12%        1d4       21%         1
 Summon Small Mammal      Summ           12%        N/A       21%         1
 Call Imp                 Summ           6%         N/A       30%         2
 Ensorcelled Hibernation  Hex/Ice        6%         N/A       30%         2
 Lesser Beckoning         Tloc           6%         N/A       30%         2
 Momentum Strike          Conj/Tloc      6%         3d8       30%         2
 Passwall                 Tmut/Erth      2%         N/A       30%         2
 Frozen Ramparts          Ice            6%         1d1       52%         3
 Hailstorm                Conj/Ice       3%         3d3       52%         3
 Inner Flame              Hex/Fire       3%         N/A       52%         3
 Mephitic Cloud           Conj/Pois/Air  3%         N/A       52%         3
 Swiftness                Air            3%         N/A       52%         3
 Passage of Golubria      Tloc           3%         N/A       89%         4
 Summon Ice Beast         Ice/Summ       3%         N/A       89%         4
 Arcjolt                  Conj/Air       1%         1d11      99%         5
 Silence                  Hex/Air        1%         N/A       99%         5
 Yara's Violent Unravell  Hex/Tmut       1%         3d3       99%         5
 Plasma Beam              Fire/Air       1%         2x1d11    100%        6
 Enfeeble                 Hex            1%         N/A       100%        7
 Ozocubu's Refrigeration  Ice            1%         4d7       100%        7
 Summon Hydra             Summ           1%         N/A       100%        7
 Lehudib's Crystal Spear  Conj/Erth      1%         10d2      100%        8
 Sublimation of Blood     Necr           Unusable   N/A       N/A         2

Dungeon Overview and Level Annotations

Branches:
Dungeon (11/15)            Temple (1/1) D:5            Lair (4/5) D:10
 Shoals (0/4) Lair:3        Snake (0/4) Lair:2        Slime (0/5) Lair:4
    Orc (1/2) D:11          Sewer (visited)           IceCv (visited)

Altars:
Ashenzari
Cheibriados
Dithmenos
Elyvilon
Fedhas
Gozag
Hepliaklqana
Kikubaaqudgha
Makhleb
Nemelex Xobeh
Okawaru
Qazlal
Ru
Sif Muna
Trog
Uskayaw
Vehumet
Wu Jian
Xom
Yredelemnul
Zin
The Shining One

Shops:
D:4 [   D:7 !   D:9 [

Portals:
Trove: D:10 (give 4 potions of resistance)

Annotations:
D:9 exclusion: ice statue
D:11 Sonja
Lair:2 1 runed translucent door, pigah's ghost, journeyman OpSh


Innate Abilities, Weirdness & Mutations

You are a living statue of rough stone.
Your actions are slow, but your melee attacks are powerful.
You are resistant to unholy torment.
You are immune to poison.
You have sharp claws.
You have razor-sharp teeth.
You have supernaturally acute eyesight. (SInv)
((You cover ground quickly. (Speed+)))
((Your thick and shaggy fur keeps you warm. (AC +3, rC+)))
Your paws help you pounce on unaware monsters.
You are incapable of wielding weapons or throwing items.
You cannot wear armour.
You gain extra lives every three experience levels.


Message History

The bone dragon tramples you.
You hold your ground!
You scratch the bone dragon. You bite the bone dragon!
The bone dragon is moderately damaged.
The bone dragon barely misses you.
The bone dragon claws you but does no damage.
The bone dragon completely misses you.
You mangle the bone dragon!!
The bone dragon is heavily damaged.
A starcursed mass comes into view.
You mangle the bone dragon!!
The bone dragon is heavily damaged.
The bone dragon bites you!! The bone dragon claws you.
The bone dragon completely misses you.
You claw the bone dragon!
You bite the bone dragon, but do no damage.
The bone dragon is heavily damaged.
A starcursed mass splits.
The bone dragon bites you but does no damage.
The bone dragon completely misses you. x2
You mangle the bone dragon!!
The bone dragon is severely damaged.
You are no longer berserk.
You are exhausted.
You feel yourself slow down.
A starcursed mass splits.
The bone dragon bites you!
* * * LOW HITPOINT WARNING * * *
The bone dragon completely misses you.
The bone dragon tramples you but does no damage.
You scratch the bone dragon.
The bone dragon is severely damaged.
A starcursed mass splits.
The bone dragon completely misses you. x2
The bone dragon misses you.
A starcursed mass splits.
The bone dragon closely misses you. The bone dragon claws you!
* * * LOW HITPOINT WARNING * * *
The bone dragon completely misses you.
You mangle the bone dragon!!
The bone dragon is severely damaged.
A starcursed mass splits.
The bone dragon bites you!
You die...
Your body crumbles into a pile of gold.

# ≈ .~..
~~ #
##X...##
.≈ .X...
###..XXX.
#8D..# ..
#
###......
. ~ .....
. # #.##
.~ ≈# ..
# . . . .
. # #


You could see a bone dragon and 5 starcursed masses.

Vanquished Creatures
  A vault guard (D:10)
  A hydra (Lair:4)
  A catoblepas (Lair:4)
  3 two-headed ogres
  A death yak (Lair:2)
  A cyclops (D:11)
  2 black mambas (Lair:2)
  Maurice (D:10)
  A dire elephant zombie (Abyss:1)
  A torpor snail (Lair:1)
  An unseen horror (D:11)
  6 cane toads
  7 komodo dragons
  4 trolls
  A harpy skeleton (Abyss:1)
  A hellwing (Abyss:1)
  2 hornets (D:7)
  5 polar bears
  10 blink frogs (Lair:2)
  2 wraiths
  A vampire (D:9)
  3 shadows
  5 wyverns
  17 yaks
  2 vampire mosquitoes
  A steam dragon (D:8)
  A death yak simulacrum (Lair:1)
  2 nagas (Lair:2)
  2 acid dragons (D:10)
  7 water moccasins
  10 orc warriors
  3 ice beasts (D:6)
  A sky beast (D:7)
  3 black bears (D:7)
  5 wolves
  2 ogres
  A small abomination (Abyss:1)
  6 centaurs
  A phantom (D:8)
  3 kobold brigands
  6 bullfrogs
  6 scorpions
  4 wights
  2 elephant simulacra (Lair:1)
  A killer bee (D:10)
  2 electric eels (D:11)
  3 howler monkeys
  A quasit (Abyss:1)
  4 hounds
  9 orc priests
  8 jellies
  13 orc wizards
  2 iguanas
  8 gnolls
  13 adders
  2 river rats (Sewer)
  3 shadow imps
  3 ufetubi
  4 worms
  3 dart slugs
  40 orcs
  7 bats
  11 endoplasms
  6 giant cockroaches
  6 goblins
  11 hobgoblins
  4 jackals (D:5)
  12 kobolds
  6 quokkas
  10 ball pythons
  6 frilled lizards
  10 rats
354 creatures vanquished.

Notes
Turn   | Place    | Note
-------+----------+-------------------------------------------
     0 | D:1      | avis the Felid Shapeshifter began the quest for the Orb.
     0 | D:1      | Reached XP level 1. HP: 9/9 MP: 2/2
    65 | D:1      | Reached skill level 3 in Dodging
   104 | D:1      | Reached XP level 2. HP: 11/12 MP: 3/3
   274 | D:1      | You fall into a shaft and drop 1 floor!
   436 | D:2      | Reached skill level 1 in Stealth
   534 | D:1      | Reached skill level 4 in Dodging
   882 | D:1      | Reached XP level 3. HP: 15/15 MP: 4/4
  1429 | D:2      | Reached skill level 5 in Dodging
  2172 | D:2      | Reached XP level 4. HP: 19/19 MP: 5/5
  2330 | D:3      | Reached skill level 6 in Dodging
  2410 | D:3      | Found a bloodstained altar of Trog.
  2473 | D:3      | Found a shimmering altar of Xom.
  2521 | D:3      | Learned a level 2 spell: Wereblood
  2724 | D:3      | Found a faded altar of an unknown god.
  2798 | D:3      | Found an opulent altar of Gozag.
  2805 | D:3      | Became a worshipper of Gozag Ym Sagoz the Greedy
  2877 | D:4      | Noticed a scorpion
  2934 | D:4      | Found a blossoming altar of Fedhas.
  3180 | D:4      | Found Kues's Antique Armour Shop.
  3225 | D:4      | Reached XP level 5. HP: 19/22 MP: 6/6
  3557 | D:4      | Found a glowing drain.
  3565 | Sewer    | Entered a sewer
  3651 | Sewer    | Gained mutation: You are covered in thick fur. (AC +2)
                  | [Felid growth]
  3651 | Sewer    | Reached XP level 6. HP: 26/26 MP: 7/7
  3680 | Sewer    | Reached skill level 5 in Shapeshifting
  3756 | Sewer    | Splashed by a jelly's acid
  3811 | Sewer    | Found a viscous altar of Jiyva.
  3987 | D:5      | Entered Level 5 of the Dungeon
  4076 | D:5      | Found a sacrificial altar of Ru.
  4093 | D:4      | Reached skill level 7 in Dodging
  4249 | D:5      | Found a staircase to the Ecumenical Temple.
  4258 | Temple   | Entered the Ecumenical Temple
  4464 | D:5      | Reached skill level 8 in Dodging
  4464 | D:5      | Reached XP level 7. HP: 27/30 MP: 8/8
  4641 | D:5      | Reached skill level 9 in Dodging
  4971 | D:5      | Reached XP level 8. HP: 33/33 MP: 9/9
  5495 | D:6      | Noticed a two-headed ogre
  5504 | D:6      | Killed a two-headed ogre
  5505 | D:6      | Reached skill level 12 in Dodging
  5641 | D:6      | HP: 1/51 [orc warrior/+0 trident (4)]
  5642 | D:6      | Slain by an orc warrior
  5798 | D:6      | Reached XP level 9. HP: 19/37 MP: 10/10
  7689 | D:7      | Found Koroza's Distillery.
  7692 | D:7      | Bought a potion of ambrosia for 88 gold pieces
  7692 | D:7      | Bought a potion of enlightenment for 55 gold pieces
  7692 | D:7      | Bought 2 potions of heal wounds for 110 gold pieces
  7692 | D:7      | Bought 2 potions of curing for 66 gold pieces
  7981 | D:7      | Reached skill level 13 in Dodging
  8084 | D:8      | Reached XP level 10. HP: 36/42 MP: 11/11
  8480 | D:8      | Found a shadowy altar of Dithmenos.
  8884 | D:8      | Reached skill level 14 in Dodging
  9408 | D:9      | Found Ocroseal's Armour Shoppe.
  9469 | D:9      | Noticed an ice statue
  9938 | D:9      | Found a hide-covered altar of Uskayaw.
  9966 | D:9      | Reached skill level 15 in Dodging
 10214 | D:9      | Found a hazy altar of Hepliaklqana.
 10436 | D:10     | Entered Level 10 of the Dungeon
 10457 | D:10     | Learned a level 2 spell: Blink
 10569 | D:10     | Reached skill level 5 in Fighting
 10569 | D:10     | Reached skill level 1 in Spellcasting
 10661 | D:10     | Found a staircase to the Lair.
 11031 | D:10     | Reached skill level 5 in Unarmed Combat
 11294 | D:10     | Reached skill level 10 in Shapeshifting
 12036 | D:10     | Noticed Maurice
 12050 | D:10     | Killed Maurice
 12051 | D:10     | Reached XP level 11. HP: 20/47 MP: 16/16
 12531 | D:10     | Noticed a vault guard
 12544 | D:10     | Killed a vault guard
 12552 | D:10     | Found a portal to a secret trove of treasure.
 12900 | Lair:1   | Entered Level 1 of the Lair of Beasts
 13071 | Lair:1   | Found a frozen archway.
 13083 | Lair:1   | Mangled by a death yak simulacrum
 13162 | Lair:1   | Found a blossoming altar of Fedhas.
 13525 | IceCv    | Entered an ice cave
 13687 | IceCv    | HP: 2/48 [polar bear (17)]
 13693 | IceCv    | HP: 1/48 [polar bear (19)]
 13845 | IceCv    | Noticed a white ugly thing
 14026 | Lair:1   | Slain by a komodo dragon
 15083 | Lair:2   | Found a runed translucent door.
 15083 | Lair:2   | Noticed pigah's ghost (journeyman OpSh)
 15097 | Lair:2   | Found a staircase to the Snake Pit.
 15108 | Lair:2   | Gained mutation: Your thick and shaggy fur keeps you warm.
                  | (AC +3, rC+) [Felid growth]
 15108 | Lair:2   | Reached XP level 12. HP: 36/55 MP: 19/19
 16004 | Lair:3   | Reached skill level 16 in Dodging
 16339 | Lair:3   | Found a staircase to the Shoals.
 16387 | Lair:3   | Noticed a death yak
 16397 | Lair:3   | Noticed a death yak
 16398 | Lair:3   | Noticed a death yak
 16400 | Lair:3   | Noticed a death yak
 16452 | Lair:2   | Killed a death yak
 17501 | Lair:4   | Noticed a catoblepas
 17513 | Lair:4   | Killed a catoblepas
 17514 | Lair:4   | Reached skill level 17 in Dodging
 17949 | Lair:4   | Noticed a five-headed hydra
 17956 | Lair:4   | Killed a five-headed hydra
 17986 | Lair:4   | Found a staircase to the Slime Pits.
 18606 | D:10     | Reached skill level 18 in Dodging
 18626 | D:11     | Got a glossy book
 18685 | D:11     | Found a sacrificial altar of Ru.
 19000 | D:11     | Noticed a two-headed ogre
 19011 | D:11     | Killed a two-headed ogre
 19045 | D:11     | Reached skill level 5 in Spellcasting
 19195 | D:11     | Found a staircase to the Orcish Mines.
 19305 | D:11     | Learned a level 4 spell: Vhi's Electric Charge
 19371 | D:11     | Learned a level 1 spell: Magic Dart
 19780 | D:11     | Learned a level 1 spell: Apportation
 19945 | Orc:1    | Entered Level 1 of the Orcish Mines
 19945 | Orc:1    | Noticed a two-headed ogre
 19947 | Orc:1    | Noticed Sonja
 19957 | D:11     | Killed a two-headed ogre
 20045 | Abyss:1  | Cast into level 1 of the Abyss (Sonja)
 20276 | Abyss:1  | Noticed a bone dragon
 20289 | Abyss:1  | Noticed a starcursed mass
 20294 | Abyss:1  | Mangled by a bone dragon

Illustrated notes

Levels and vault maps discovered:
D:1:      lightli_arrival_boilingwater, layout_basic, st_stairs_11,
          kennysheep_flooded_box
D:2:      layout_basic
D:3:      layout_rooms, mainiacjoe_overflow_catch_the_wave,
          mainiacjoe_overflow_alcove_2, shapermc_ecumenical_altar_totnotflames,
          kennysheep_generic_room_9
D:4:      layout_basic, fedhas_altar_3, cheibrodos_sewer_entry_bend,
          serial_shops, nicolae_shop_advertising_works
          [nicolae_subvault_shop_adworks], minmay_manual_maat
D:5:      layout_rooms, mainiacjoe_overflow_alcove_1,
          minmay_temple_entry_antechambers, grunt_ministairs_8,
          kennysheep_cross_bottleneck
D:6:      layout_basic, minmay_misc_feat_rugged, hangedman_abyss_or_decor_stabs,
          amcnicky_mini_rare_corridor_liquid, minmay_door_square,
          minmay_manual_mess
D:7:      layout_basic, serial_shops, nicolae_shop_real_fake_doors
D:8:      layout_gridville, grunt_dithmenos_shadows
D:9:      layout_loops_ring, lemuel_round_altar, nzn_hepliaklqana_mist_gate,
          serial_shops, nicolae_shop_hallway_plus, minivault_15,
          nzn_life_drinkers
D:10:     layout_basic, lair_entry_dummy, enter_trove_5, kennysheep_kite_vault,
          uniq_maurice
D:11:     layout_big_octagon, erik_orc_2, nicolae_ru_path_of_blood
Temple:   compressed_dpeg_circular_temple
Lair:1:   layout_roguey, portal_ice_cave_entry_ice_simulacra, basic_altar,
          serial_bayou_pond_d
Lair:2:   layout_cellular_growth, guppyfry_snake_entry_garden,
          gammafunk_ghost_grave, chequers_serial_rivers_micro_b
Lair:3:   layout_concentric_octagons, elwin_shoals_entry_rocks
Lair:4:   layout_regular_city, nicolae_slime_entry_slimehenge
Orc:1:    layout_caves, minmay_orc_temple_b, uniq_sonja
Abyss:1:  base:
D:9

Skill      XL: |  1  2  3  4  5  6  7  8  9 10 11 12 |
---------------+-------------------------------------+-----
Dodging        | 3 4 5 6 8 9 12 13 15 18 | 18.0
Stealth        | 1 2 3 4 |  4.0
Fighting       | 2 3 4 5 8 |  8.0
Shapeshifting  | 4 5 6 7 9 10 13 14 | 14.1
Unarmed Combat | 4 5 |  5.0
Spellcasting   | 3 4 5 |  5.0

Action                     |  1- 3 |  4- 6 |  7- 9 | 10-12 || total
---------------------------+-------+-------+-------+-------++-------
  Melee: Unarmed           |    85 |   216 |   318 |   897 ||  1516
         Bite              |     6 |    29 |    41 |   133 ||   209
         Punch             |     1 |     7 |     4 |    18 ||    30
   Cast: Blink             |       |       |       |     2 ||     2
         Magic Dart        |       |       |       |    21 ||    21
         Apportation       |       |       |       |     2 ||     2
 Invoke: Potion Petition   |       |       |       |     5 ||     5
  Evoke: Wand              |       |       |     4 |    19 ||    23
    Use: Potion            |       |     5 |     2 |    14 ||    21
         Scroll            |       |       |     7 |     9 ||    16
   Stab: Sleeping          |     5 |     7 |     2 |     5 ||    19
         Distracted        |     1 |     2 |     2 |     1 ||     6
 Armour: Skin              |    22 |    40 |    69 |   244 ||   375
  Dodge: Dodged            |    48 |   157 |   302 |  1032 ||  1539
   Form: Flux              |       |       |     1 |       ||     1
         Blade             |       |       |       |     4 ||     4
         Statue            |       |       |       |     4 ||     4

Table legend: (Time is in decaauts)
 A = Elapsed time spent in this place.
 B = Non-inter-level travel time spent in this place.
 C = Inter-level travel time spent in this place.
 D = Time resting spent in this place.
 E = Time spent auto-exploring this place.
 F = Levels seen in this place.
 G = Mean time per level.
                   A        B        C        D        E       F      G
               +--------+--------+--------+--------+--------+-----+--------+
         Total |  17794 |  16374 |   1420 |   4464 |   6376 |  20 |  889.7 |
       Dungeon |  12326 |  11418 |    908 |   3228 |   4548 |  11 | 1120.5 |
        Temple |      1 |      1 |      0 |      0 |      0 |   1 |    1.0 |
          Lair |   4418 |   3906 |    512 |    881 |   1770 |   4 | 1104.5 |
  Orcish Mines |     16 |     16 |      0 |      0 |      0 |   1 |   16.0 |
         Abyss |    359 |    359 |      0 |    166 |      0 |   1 |  359.0 |
         Sewer |    342 |    342 |      0 |     14 |     58 |   1 |  342.0 |
      Ice Cave |    329 |    329 |      0 |    174 |      0 |   1 |  329.0 |
               +--------+--------+--------+--------+--------+-----+--------+

Top non-repeatable levels by time:
    D:10: 2099 daAuts
  Lair:2: 1423 daAuts
    D:11: 1402 daAuts
     D:6: 1306 daAuts
  Lair:1: 1188 daAuts
     D:5: 1158 daAuts
     D:9: 1150 daAuts
  Lair:3: 954 daAuts
     D:8: 952 daAuts
     D:1: 948 daAuts
     D:4: 931 daAuts
     D:7: 900 daAuts
     D:2: 894 daAuts
  Lair:4: 852 daAuts
     D:3: 582 daAuts
